 Dungeon Sprint DCSS version 0.21.1-1-g345015f (webtiles) character file.

11926 Fang the Severer (level 11, -6/121 HPs)
             Began as a Gargoyle Berserker on July 12, 2018.
             Was the Champion of Trog.
             Killed from afar by a hell hog (35 damage)
             ... with a fireball
             ... in the Dungeon (Sprint VII: "The Pits").
             The game lasted 00:10:15 (3039 turns).

Fang the Severer (Gargoyle Berserker)               Turns: 3039, Time: 00:10:16

Health: -6/121     AC: 10    Str: 30    XL:     11   Next: 85%
Magic:  4/11       EV: 23    Int:  7    God:    Trog [******]
Gold:   30         SH:  0    Dex:  9    Spells: 10/10 levels left

rFire    . . .     SeeInvis .   u - +9 executioner's axe (freeze)
rCold    . . .     Gourm    .   (shield currently unavailable)
rNeg     + . .     Faith    .   b - +0 animal skin
rPois    ∞         Spirit   .   (no helmet)
rElec    +         Reflect  .   (no cloak)
rCorr    .         Harm     .   (no gloves)
MR       .....     NoTele   +   (no boots)
Stlth    ..........             (no amulet)
HPRegen  0.30/turn              p - +3 ring of evasion
MPRegen  0.12/turn              q - +3 ring of evasion

@: berserking (expiring), very quick
A: negative energy resistance 1, electricity resistance, unbreathing,
petrification resistance, rot immunity, AC +8
a: Berserk, Trog's Hand, Brothers in Arms, Burn Spellbooks, Renounce Religion


You were in the Dungeon.
You worshipped Trog.
Trog was exalted by your worship.
You were very hungry.

You visited 1 branch You collected 30 gold pieces.

Inventory:

Hand Weapons
 m - a +1 war axe of pain
 n - a +1 hand axe of chopping
 t - a +3 battleaxe of draining
 u - a +9 executioner's axe of freezing (weapon)
 v - a +0 broad axe of flaming
 E - a +3 antimagic battleaxe
Missiles
 o - 4 poisoned javelins (quivered)
Armour
 b - a +0 animal skin (worn)
Jewellery
 p - a +3 ring of evasion (left hand)
 q - a +3 ring of evasion (right hand)
Scrolls
 i - a scroll of blinking
 k - 4 scrolls of remove curse
 l - a scroll of summoning
 y - 5 scrolls of identify
 z - 3 scrolls of enchant weapon
 A - a scroll of fear
 B - 2 scrolls of enchant armour
 C - 2 scrolls of fog
Potions
 a - 2 potions of invisibility
 d - 8 potions of curing
 e - 14 potions of heal wounds
 f - 2 potions of haste
 g - 4 potions of magic
 h - 7 potions of berserk rage
 r - 3 potions of agility
 w - 2 potions of might
 x - a potion of brilliance
 D - a potion of ambrosia
Comestibles
 c - 7 rations
 s - 5 chunks of flesh


   Skills:
 + Level 15.0 Fighting
 + Level 18.2 Axes
 + Level 4.9 Armour
 + Level 10.7 Dodging
 + Level 9.1 Stealth


You had 10 spell levels left.
You didn't know any spells.

Dungeon Overview and Level Annotations

Branches:
Dungeon (1/1)

Altars:
Cheibriados
Dithmenos
Elyvilon
Fedhas
Gozag
Hepliaklqana
Makhleb
Nemelex Xobeh
Okawaru
Qazlal
Ru
Sif Muna
Trog
Vehumet
Wu Jian
Xom
Yredelemnul
Zin
The Shining One
Beogh
Jiyva
Lugonu

Annotations:
D Ilsuiw


Innate Abilities, Weirdness & Mutations

You are resistant to torment.
Your stone body is resilient. (AC +8)
You are immune to poison.
You resist negative energy. (rN+)
You are resistant to electric shocks. (rElec)
You can survive without breathing.
You are immune to petrification.
You are immune to rotting.


Message History

* * * LOW HITPOINT WARNING * * *
The water elemental engulfs you in water!
Something hits you.
* * * LOW HITPOINT WARNING * * *
Something freezes you.
* * * LOW HITPOINT WARNING * * *
You slash the hell hog! You freeze the hell hog.
The hell hog is lightly wounded.
You miss something. You barely miss the water elemental.
The hell hog completely misses you.
The merfolk javelineer hits you but does no damage.
The merfolk siren misses you.
You completely miss the hell hog.
The hell hog is lightly wounded.
You slice the water elemental!! You freeze the water elemental.
You destroy the water elemental!
You completely miss something. The water engulfing you falls away.
The hell hog breathes fire at you.
The fireball explodes!
The fireball engulfs you!
You die...

+..........#
#..#....#..#
#..........+
#..........+
###''####''#
###''####''###########
#......##.............
#.#+##.##.............
#.#hh@)##..###########
#.+%{#.##..#
#.#mm'.##..#
+###########.+%.#.##..#
......##..##.##+#.##..#
......##..##......##..#
......''..##########))#
......''..##########).#
......##....÷.........#


You could see a merfolk javelineer, 2 hell hogs and a merfolk siren.

Vanquished Creatures
  An eidolon (D)
  A merfolk impaler (D)
  A catoblepas (D)
  2 hell hogs (D)
  A deep troll (D)
  2 phantasmal warriors (D)
  A flayed ghost (D)
  A deep elf mage (D)
  A cyclops (D)
  A black mamba (D)
  A yaktaur (D)
  An ice devil (D)
  A guardian mummy (D)
  A polar bear (D)
  A troll (shapeshifter) (D)
  A snapping turtle (D)
  A tarantella (D)
  2 wraiths (D)
  A ynoxinul (D)
  A redback (D)
  2 vampire mosquitoes (D)
  Menkaure (D)
  An acid dragon (D)
  An orc warrior (D)
  A porcupine (D)
  2 black bears (D)
  A crocodile (D)
  A scorpion (D)
  3 killer bees (D)
  2 wights (D)
  2 crimson imps (D)
  A hound (D)
  4 orc priests (D)
  2 orc wizards (D)
  2 worker ants (D)
  A hell rat (D)
  A mummy (D)
  2 gnolls (D)
  A river rat (D)
  An ufetubus (D)
  An ooze (D)
  A worm (D)
  A leopard gecko (D)
  4 orcs (D)
  A giant cockroach (D)
  2 goblins (D)
  2 quokkas (D)
  2 bats (D)
  A leopard gecko skeleton (D)
70 creatures vanquished.

Vanquished Creatures (collateral kills)
  A frost giant (D)
  A molten gargoyle (D)
  An efreet (D)
  A guardian mummy (D)
  A spriggan (D)
  A ynoxinul (D)
  5 yaks (D)
  Grum (D)
  An ogre (D)
  A black bear (D)
  2 phantoms (D)
  2 wolves (D)
  A small abomination (D)
  7 wights (D)
  A crimson imp (D)
  A quasit (D)
28 creatures vanquished.

Grand Total: 98 creatures vanquished

Notes
Turn   | Place    | Note
-------+----------+-------------------------------------------
     0 | D        | Fang the Gargoyle Berserker began the quest for the Orb.
     0 | D        | Reached XP level 1. HP: 14/14 MP: 1/1
    15 | D        | Reached skill level 3 in Axes
    27 | D        | Found a bloodstained altar of Trog.
    27 | D        | Found a deep blue altar of Sif Muna.
    27 | D        | Found a viscous altar of Jiyva.
    27 | D        | Found a hazy altar of Hepliaklqana.
    27 | D        | Found an opulent altar of Gozag.
    28 | D        | Found a glowing golden altar of the Shining One.
    28 | D        | Found a glowing silver altar of Zin.
    28 | D        | Found a basalt altar of Yredelemnul.
    28 | D        | Found a shimmering altar of Xom.
    28 | D        | Found an ornate altar of the Wu Jian Council.
    28 | D        | Found a sacrificial altar of Ru.
    28 | D        | Found a stormy altar of Qazlal.
    28 | D        | Found an iron altar of Okawaru.
    28 | D        | Found a sparkling altar of Nemelex Xobeh.
    28 | D        | Found a burning altar of Makhleb.
    28 | D        | Found a blossoming altar of Fedhas.
    28 | D        | Found a white marble altar of Elyvilon.
    28 | D        | Found a shadowy altar of Dithmenos.
    28 | D        | Found a snail-covered altar of Cheibriados.
    30 | D        | Found a radiant altar of Vehumet.
    30 | D        | Found a corrupted altar of Lugonu.
    30 | D        | Found a roughly hewn altar of Beogh.
    75 | D        | Reached ** piety under Trog
    75 | D        | Reached XP level 2. HP: 14/20 MP: 2/2
   234 | D        | Reached skill level 5 in Fighting
   234 | D        | Reached skill level 4 in Axes
   234 | D        | Reached XP level 3. HP: 17/26 MP: 3/3
   239 | D        | Reached skill level 5 in Axes
   475 | D        | Reached *** piety under Trog
   477 | D        | Reached XP level 4. HP: 32/32 MP: 4/4
   571 | D        | Noticed a phantom
   572 | D        | Noticed an orc warrior
   573 | D        | Noticed a black bear
   574 | D        | Noticed Menkaure
   575 | D        | Reached **** piety under Trog
   579 | D        | Reached skill level 6 in Axes
   579 | D        | Reached skill level 1 in Stealth
   583 | D        | Killed Menkaure
   583 | D        | Reached skill level 8 in Axes
   583 | D        | Reached XP level 5. HP: 18/39 MP: 5/5
   583 | D        | Reached XP level 6. HP: 21/44 MP: 6/6
   585 | D        | Killed an orc warrior
   585 | D        | Reached ***** piety under Trog
   588 | D        | Reached skill level 9 in Axes
   599 | D        | Killed a black bear
   599 | D        | Reached XP level 7. HP: 30/51 MP: 7/7
   600 | D        | Reached skill level 10 in Axes
   600 | D        | Reached skill level 5 in Dodging
   847 | D        | Received a gift from Trog
   914 | D        | Noticed a wraith
   914 | D        | Noticed a molten gargoyle
   916 | D        | Received a gift from Trog
   916 | D        | Reached skill level 10 in Fighting
   922 | D        | Killed a wraith
   922 | D        | Reached ****** piety under Trog
   922 | D        | Reached skill level 11 in Axes
   922 | D        | Reached XP level 8. HP: 23/57 MP: 8/8
   929 | D        | Killed a molten gargoyle
   930 | D        | Received a gift from Trog
  1368 | D        | Noticed a black mamba
  1375 | D        | Killed a black mamba
  1375 | D        | Reached skill level 12 in Axes
  1378 | D        | Reached XP level 9. HP: 64/64 MP: 9/9
  1425 | D        | Noticed a catoblepas
  1426 | D        | Noticed a phantasmal warrior
  1437 | D        | Killed a phantasmal warrior
  1437 | D        | Reached skill level 13 in Axes
  1437 | D        | Reached skill level 5 in Stealth
  1443 | D        | Killed a catoblepas
  1445 | D        | Received a gift from Trog
  1689 | D        | Noticed a deep troll
  1696 | D        | Killed a deep troll
  1696 | D        | Reached skill level 14 in Axes
  1696 | D        | Reached XP level 10. HP: 60/71 MP: 10/10
  1874 | D        | Noticed a cyclops
  1880 | D        | Killed a cyclops
  1881 | D        | Received a gift from Trog
  1882 | D        | Received a gift from Trog
  2153 | D        | Reached skill level 15 in Axes
  2226 | D        | Noticed a phantasmal warrior
  2226 | D        | Noticed a deep elf mage
  2232 | D        | Killed a phantasmal warrior
  2233 | D        | Killed a deep elf mage
  2233 | D        | Received a gift from Trog
  2233 | D        | Reached skill level 10 in Dodging
  2304 | D        | Noticed Grum
  2305 | D        | Noticed a frost giant
  2313 | D        | Killed Grum
  2316 | D        | Received a gift from Trog
  2323 | D        | Reached skill level 16 in Axes
  2325 | D        | Received a gift from Trog
  2330 | D        | Killed a frost giant
  2330 | D        | Reached XP level 11. HP: 78/78 MP: 11/11
  2652 | D        | Received a gift from Trog
  2774 | D        | Noticed an eidolon
  2781 | D        | Killed an eidolon
  2781 | D        | Reached skill level 17 in Axes
  2833 | D        | Noticed a flayed ghost
  2841 | D        | Killed a flayed ghost
  3028 | D        | Noticed a hell hog
  3028 | D        | Noticed a hell hog
  3028 | D        | Noticed a hell hog
  3028 | D        | Noticed Ilsuiw
  3028 | D        | Noticed a merfolk impaler
  3030 | D        | Noticed a hell hog
  3032 | D        | Killed a hell hog
  3032 | D        | Received a gift from Trog
  3034 | D        | Killed a hell hog
  3035 | D        | Noticed a merfolk javelineer
  3037 | D        | Killed a merfolk impaler
  3037 | D        | Reached skill level 15 in Fighting
  3037 | D        | Reached skill level 18 in Axes
  3039 | D        | Killed from afar by a hell hog

Skill      XL: |  1  2  3  4  5  6  7  8  9 10 11 |
---------------+----------------------------------+-----
Axes           | 3 4 5 8 9 11 12 14 16 18 | 18.2
Fighting       | 4 5 6 7 9 10 11 12 13 15 | 15.0
Dodging        | 2 3 4 6 7 9 10 | 10.7
Armour         | 3 4 |  4.9
Stealth        | 1 2 3 4 6 7 9 |  9.1

Action                   |  1- 3 |  4- 6 |  7- 9 | 10-12 || total
-------------------------+-------+-------+-------+-------++-------
Melee: Hand axe          |    20 |    19 |    56 |       ||    95
       Battleaxe         |       |       |     6 |    41 ||    47
       Executioner's axe |       |       |       |    20 ||    20
Invok: Berserk           |     2 |     1 |     5 |     7 ||    15
       Brothers in Arms  |       |     1 |     1 |     4 ||     6
  Use: Potion            |       |     2 |       |       ||     2
       Scroll            |       |       |       |     1 ||     1
 Stab: Sleeping          |       |       |     1 |     1 ||     2
  Eat: Chunk             |       |     1 |     5 |     9 ||    15
       Ration            |       |       |     1 |     1 ||     2
Armor: Animal skin       |    13 |    13 |     9 |    11 ||    46
Dodge: Dodged            |    20 |    31 |    41 |    49 ||   141
